 Dungeon Crawl Stone Soup version 0.29-a0-340-g6efceafd81 (webtiles) character file.

Game seed: 11210400583860076564

0 spiderkeys the Skirmisher (level 1, 0/19 HPs)
             Began as a Ghoul Abyssal Knight on Apr 20, 2022.
             Was a Believer of Lugonu.
             Slain by an ufetubus (4 damage)
             ... on level 2 of the Abyss.
             The game lasted 00:00:25 (241 turns).

spiderkeys the Skirmisher (Ghoul Abyssal Knight)     Turns: 241, Time: 00:00:25

Health: 0/19       AC:  3    Str: 16    XL:     1   Next: 0%
Magic:  1/1        EV: 11    Int:  5    God:    Lugonu [**....]
Gold:   0          SH:  0    Dex:  9    Spells: 0/0 levels left

rFire   . . .      SeeInvis .   a - +1 hand axe
rCold   + . .      Faith    .   (no shield)
rNeg    + + +      Spirit   .   b - +0 leather armour
rPois   ∞          Reflect  .   (no helmet)
rElec   .          Harm     .   (no cloak)
rCorr   .          Rampage  .   (no gloves)
Will    .....                   (no boots)
Stlth   +.........              (no amulet)
HPRegen 0.00/turn               (no ring)
MPRegen 0.07/turn               (no ring)

@: inhibited regen
A: claws 1, cold resistance 1, negative energy resistance 3, inhibited
regeneration, torment resistance 2, devour on kill
a: Renounce Religion, Depart the Abyss, Bend Space


You were on level 2 of the Abyss.
You worshipped Lugonu.
Lugonu was pleased with you.
You visited 0 branches of the dungeon, and saw 0 of its levels.
You visited the Abyss 1 time.


Innate Abilities, Weirdness & Mutations

You are immune to poison.
You have sharp fingernails.
Your flesh is cold resistant. (rC+)
You are immune to negative energy. (rN+++)
You do not regenerate when monsters are visible.
You are immune to unholy pain and torment.
You thrive by killing the living.


   Skills:
 + Level 3.2 Fighting
 + Level 1.7 Axes
 + Level 1.7 Armour
 + Level 0.8 Dodging
 + Level 2.0 Invocations


You couldn't memorise any spells.
You didn't know any spells.
Your spell library was empty.

Inventory:

Hand Weapons
 a - a +1 hand axe (weapon)
Armour
 b - a +0 leather armour (worn)

Dungeon Overview and Level Annotations

Branches:
Dungeon (0/15)

Altars:

..# .. .. ..# ..# #..
#.. ..# #..##..# #.##
.. ......##≈...##
#.........
......#.≈...# ...# ..
#.. #..#...≈.... ..
## .##..##..#@#
...............5##
...............x# #
##.. #..##..##
...##..##..##..#.#..
.....................
#................#...
...##..##..##>.### .
...##..##..##..##


You could see a small abomination and an ufetubus.


Message History

🤖 Initializing magus.rc ...
Options error: Bad monster_list_colour key: strict_neutral (~/.crawlrc:5438) ✅ Successfully initialized magus.rc [v1.11.3] Welcome, spiderkeys the Ghoul Abyssal Knight.
Will you be the one to retrieve the incredible Orb of Zot from the depths?
Lugonu says: Depart the Abyss and spread corruption, my servant! (use the ability menu to exit the Abyss) Press ? for a list of commands and other information.
Found a corrupted altar of Lugonu.
As you open the door, it creaks loudly!
Unknown command.
There is an open door here.
An ufetubus comes into view.
A wraith comes into view.
Unknown command.
A thrashing horror comes into view.
The thrashing horror moves out of view.
The ufetubus hits you. x2 😕 HP[-4]
You take 4 damage, and now have 15/19 hp.
MASSIVE DAMAGE!! (PAUSE)
You barely miss the ufetubus. The ufetubus closely misses you.
The ufetubus barely misses you.
You closely miss the ufetubus. The ufetubus hits you. x3
* * * LOW HITPOINT WARNING * * *
The ufetubus closely misses you. 😨 HP[-8]
You take 8 damage, and now have 7/19 hp.
MASSIVE DAMAGE!! (PAUSE)
You hit the ufetubus. The ufetubus barely misses you. The ufetubus hits you.
* * * LOW HITPOINT WARNING * * *
The ufetubus misses you. x2 😨 HP[-1]
You take 1 damage, and now have 6/19 hp.
You hit the ufetubus.
You kill the ufetubus!
That felt strangely unrewarding.
Found a gateway leading deeper into the Abyss. 😨 HP[+1]
There is a gateway leading deeper into the Abyss here.
You plunge deeper into the Abyss. 😨 HP[+1] 😨 HP[+1] 😮 HP[+1]
A small abomination comes into view.
An ufetubus comes into view.
Found a gateway leading deeper into the Abyss.
The ufetubus shouts!
The ufetubus barely misses you. x2
The ufetubus barely misses you. x2
The ufetubus barely misses you. The ufetubus hits you.
* * * LOW HITPOINT WARNING * * *
😨 HP[-2]
You take 2 damage, and now have 8/19 hp.
The ufetubus attacks as you move away! The ufetubus barely misses you.
The ufetubus hits you but does no damage.
The ufetubus attacks as you move away! The ufetubus closely misses you.
The ufetubus hits you.
* * * LOW HITPOINT WARNING * * *
The ufetubus hits you.
You die...

Action                   || total
-------------------------++-------
Melee: Hand axe          ||     4
Armor: Leather armour    ||     1
Dodge: Dodged            ||    13

Levels and vault maps discovered:
Abyss:2:  base: Temple, evilmike_abyss_exit_16, hangedman_abyss_or_decor_stabs,
          evilmike_abyss_exit_16

Notes
Turn   | Place    | Note
-------+----------+-------------------------------------------
     0 | Abyss:1  | spiderkeys the Ghoul Abyssal Knight began the quest for the
                  | Orb.
     0 | Abyss:1  | Reached XP level 1. HP: 19/19 MP: 1/1
     0 | Abyss:1  | magus.rc [v1.11.3]
   155 | Abyss:1  | Noticed a wraith
   156 | Abyss:1  | Noticed a thrashing horror
   231 | Abyss:2  | Noticed a small abomination
   241 | Abyss:2  | HP: 4/19 [ufetubus (4)]
   241 | Abyss:2  | Slain by an ufetubus

Vanquished Creatures
  An ufetubus (Abyss:1)
1 creature vanquished.

Table legend:
 A = Non-vault XP
 B = Vault XP
 C = Vault XP percentage of total XP
 D = Non-vault monster count
 E = Vault monster count
 F = Vault count percentage of total count
                 A         B        C        D         E       F
            +---------+---------+-------+---------+---------+-------
      Total |       0 |       0 |   N/A |       1 |       0 |   0.0
            +---------+---------+-------+---------+---------+-------
    Abyss:1 |       0 |       0 |   N/A |       1 |       0 |   0.0
            +---------+---------+-------+---------+---------+-------

Illustrated notes

Table legend:
 A = Kills in this place as a percentage of kills in entire the game.
 B = Kills by you in this place as a percentage of kills by you in the entire game.
 C = Kills by friends in this place as a percentage of kills by friends in the entire game.
 D = Other kills in this place as a percentage of other kills in the entire game.
 E = Experience gained in this place as a percentage of experience gained in the entire game.
 F = Experience gained in this place divided by the number of levels of this place that you have seen.
                   A       B       C       D       E      F
               +-------+-------+-------+-------+-------+----------------------
         Total | 100.0 | 100.0 |   N/A |   N/A |   N/A |   0.0
         Abyss | 100.0 | 100.0 |   N/A |   N/A |   N/A |   0.0
               +-------+-------+-------+-------+-------+----------------------

Table legend: (Time is in decaauts)
 A = Elapsed time spent in this place.
 B = Non-inter-level travel time spent in this place.
 C = Inter-level travel time spent in this place.
 D = Time resting spent in this place.
 E = Time spent auto-exploring this place.
 F = Levels seen in this place.
 G = Mean time per level.
                   A        B        C        D        E       F      G
               +--------+--------+--------+--------+--------+-----+--------+
         Total |    241 |    241 |      0 |      0 |    154 |   2 |  120.5 |
         Abyss |    241 |    241 |      0 |      0 |    154 |   2 |  120.5 |
               +--------+--------+--------+--------+--------+-----+--------+

Top non-repeatable levels by time:
 Abyss:1: 177 daAuts
 Abyss:2: 63 daAuts
